 Dungeon Sprint DCSS version 0.31-a0-844-gdc52ec4e09 (webtiles) character file.

Game seed: 16680278179501448084

20 sircluck the Ruffian (level 2, -2/31 HPs)
             Began as a Troll Berserker on Sept 28, 2023.
             Was a Follower of Trog.
             Slain by a yak (16 damage)
             ... in the Dungeon (Sprint VII: "The Pits").
             The game lasted 00:00:22 (118 turns).

sircluck the Ruffian (Troll Berserker)               Turns: 118, Time: 00:00:23

Health: -2/31      AC:  4    Str: 24    XL:     2   Next: 58%
Magic:  1/1        EV: 10    Int:  3    God:    Trog [*.....]
Gold:   0          SH:  0    Dex:  9    Spells: 1/1 levels left

rFire   . .          .
                       - Unarmed
rCold   . . .        (no shield)
rNeg    . . .        a - +0 animal skin
rPois   .            (helmet restricted)
rElec   .            (no cloak)
rCorr   .            (gloves unavailable)
SInv    .            (boots unavailable)
Will    .....        (no amulet)
Stlth   +            (no ring)
HPRegen 1.05/turn    (no ring)
MPRegen 0.07/turn

%: no teleportation
@: no status effects
A: large, unfitting armour, claws 3, regeneration 1, shaggy fur 1, tough skin 1
a: Renounce Religion, Berserk


You were in the Dungeon.
You worshipped Trog.
Trog was aware of your devotion.
You visited 1 branch

Inventory:

Armour
 a - a +0 animal skin (worn)
Scrolls
 g - a scroll of blinking
Potions
 b - a potion of curing
 c - a potion of heal wounds
 d - a potion of haste
 e - 2 potions of magic
 f - a potion of berserk rage


   Skills:
 + Level 3.5 Fighting
 + Level 3.5 Dodging
 + Level 4.2 Unarmed Combat


You had one spell level left.
You didn't know any spells.
Your spell library was empty.

Dungeon Overview and Level Annotations

Branches:
Dungeon (1/1)

Altars:


Innate Abilities, Weirdness & Mutations

You are too large for most types of armour.
You have claws for hands.
Your natural rate of healing is unusually fast.
You are covered in fur. (AC +1)
You have tough skin. (AC +1)


Message History

You feel a strong urge to attack something.
You start resting.
You feel your anger nearly subside.
You start resting.
You are no longer berserk.
You are exhausted.
You feel yourself slow down.
You start resting.
HP restored.
You start waiting.
You feel yourself speed up.
You start waiting.
You recover from your berserk rage.
Things that are here:
a +0 club; a gnoll corpse The gnoll shouts!
A yak comes into view.
A gnoll comes into view. It is wielding a +0 flail.
The gnoll shouts!
The yak bellows!
A gnoll bouda comes into view. It is wielding a +0 whip.
There is a huge open gate leading to the Armoury (Hard) here.
The yak snorts and paws the ground.
You scratch the gnoll but do no damage. The gnoll hits you with a +0 whip.
You claw the gnoll!
You kill the gnoll!
Trog accepts your kill.
Your Unarmed Combat skill increases to level 4!
The yak gores you.
You scratch the yak.
The yak is lightly wounded.
The yak gores you.
The gnoll hits you from afar with a +0 spear!
The gnoll closely misses you.
You scratch the yak.
The yak is lightly wounded.
The yak closely misses you.
The gnoll hits you from afar with a +0 spear.
The yak attacks as it pursues you! The yak gores you!
Ouch! That really hurt!
You die...

##########++###### ##
#................# ..#
#......#..#......##..#
#......Y.g.......''..#
+.....@g....)....''..#
#......#..#......##....
#................# ...
####'#####++###### ##
#.......# #.......#
#.......# #...<...#
#.......#


You could see a yak and 2 gnolls.

Vanquished Creatures
  2 gnolls (D)
2 creatures vanquished.

Notes
Turn   | Place    | Note
-------+----------+-------------------------------------------
     0 | D        | sircluck the Troll Berserker began the quest for the Orb.
     0 | D        | Reached XP level 1. HP: 22/22 MP: 0/0
    46 | D        | Reached XP level 2. HP: 10/31 MP: 1/1
    98 | D        | Noticed a yak
   110 | D        | Reached skill level 4 in Unarmed Combat
   118 | D        | Slain by a yak

Illustrated notes

Levels and vault maps discovered:
D:        pitsprint [storerooms_1, entrance_room_1, metal_vault_7, armoury_1,
          mini_pit_1, grid_room_1, main_hall_1, silver_pit, the_coven_3,
          the_vestibule_1, steel_vault_2, golden_pit, hallway_of_sentries,
          crystal_vault_5, iron_vault_2, final_vault]

Skill      XL: |  1  2 |
---------------+-------+-----
Fighting       | 3 |  3.5
Dodging        | 3 |  3.5
Unarmed Combat | 4 |  4.2

Action                     || total
---------------------------++-------
  Melee: Unarmed           ||    11
 Invoke: Berserk           ||     1
 Armour: Animal skin       ||    12
  Dodge: Dodged            ||     5

Table legend: (Time is in decaauts)
 A = Elapsed time spent in this place.
 B = Non-inter-level travel time spent in this place.
 C = Inter-level travel time spent in this place.
 D = Time resting spent in this place.
 E = Time spent auto-exploring this place.
 F = Levels seen in this place.
 G = Mean time per level.
                   A        B        C        D        E       F      G
               +--------+--------+--------+--------+--------+-----+--------+
         Total |    127 |    127 |      0 |     48 |      0 |   1 |  127.0 |
       Dungeon |    127 |    127 |      0 |     48 |      0 |   1 |  127.0 |
               +--------+--------+--------+--------+--------+-----+--------+

Top non-repeatable levels by time:
       D: 127 daAuts
